Map: Costas tropicales

Players

MrFercho - Winner!

  • Race: Zerg Zerg
  • Spawn Location: 5:00

TATORREA

  • Race: Terran Terran
  • Spawn Location: 0:00

VOD

Have the link to the VOD?

Description

Time

  • Played on: April 4, 2020, 8:45 p.m.
  • Length: 17:43
Show
View Real Time Build Order
Export as new Build Order

MrFercho Zerg - Winner!

Build Orders: Hatch First 

Get SALT Encoding   

  12  0:03  Drone  
  13  0:13  Overlord  
  13  0:19  Drone  
  14  0:33  Drone x2  
  16  0:46  Drone  
  17  0:50  Drone  
  18  1:08  Drone  
  18  1:09  Drone  
  18  1:11  Hatchery  
  19  1:22  Spawning Pool  
  19  1:25  Drone  
  19  1:30  Drone  
  20  1:41  Overlord  
  20  2:03  Hatchery  
  20  2:06  Drone x2  
  21  2:25  Extractor  
  20  2:31  Extractor  
  20  2:33  Drone x3  
  22  2:38  Drone x2  
  24  3:00  Hatchery  
  23  3:09  Drone  
  23  3:10  Drone x5  
  29  3:20  Extractor  
  28  3:34  Extractor  
  28  3:35  Queen  
  28  3:39  Overlord x5  
  28  3:40  Overlord  
  29  4:08  Drone x9  
  38  4:37  Evolution Chamber  
  38  4:38  Evolution Chamber x2  
  35  4:40  Metabolic Boost  
  35  4:48  Zergling x20  
  45  5:07  Drone x2  
  45  5:08  Drone x4  
  51  5:15  Lair  
  51  5:17  Pneumatized Carapace  
  51  5:23  Burrow  
  51  5:39  Zergling x8  
  51  5:40  Zergling x8  
  59  6:01  Roach Warren  
  58  6:08  Baneling Nest  
  57  6:14  Drone x5  
  57  6:15  Drone x3  
  57  6:17  Overlord  
  57  6:18  Overlord  
  47  7:25  Drone x12  
  59  7:52  Hatchery  
  58  7:58  Hatchery  
  58  8:03  Hatchery, Drone x6  
  58  8:04  Hatchery x2  
  60  8:09  Hatchery  
  59  8:28  Extractor  
  59  8:31  Extractor  
  57  8:38  Extractor  
  57  8:39  Extractor  
  55  8:42  Extractor x2  
  53  8:48  Infestation Pit  
  53  8:49  Infestation Pit  
  51  8:56  Spire  
  51  8:58  Spire  
  51  9:01  Spire  
  48  9:10  Zerg Melee Weapons Level 1, Zerg Ground Armor Level 1, Zerg Missile Weapons Level 1  
  48  9:12  Nydus Network  
  48  9:15  Hydralisk Den  
  48  9:16  Hydralisk Den  
  45  9:18  Queen x3  
  51  9:28  Drone  
  51  9:29  Drone x5  
  57  9:54  Overseer  
  57  10:00  Overlord x3  
  57  10:01  Overlord x2  
  57  10:02  Overlord  
  57  10:03  Overlord  
  57  10:10  Hive  
  57  10:14  Drone x7  
  58  10:15  Drone  
  65  10:59  Drone x3  
  65  11:00  Drone x4  
  65  11:01  Drone  
  73  11:06  Zerg Flyer Armor Level 1  
  73  11:09  Centrifical Hooks  
  73  11:11  Glial Reconstitution  
  73  11:15  Muscular Augments, Grooved Spines  
  73  11:17  Pathogen Glands, Neural Parasite  
  73  11:19  Zerg Missile Weapons Level 2, Zerg Ground Armor Level 2, Zerg Melee Weapons Level 2  
  73  11:23  Adrenal Glands  
  73  11:39  Corruptor x3  
  75  11:40  Corruptor, Mutalisk  
  83  12:14  Unknown  
  83  12:29  Tunneling Claws  
  83  12:53  Mutalisk x3  
  83  12:54  Hydralisk x4  
  83  12:55  Hydralisk  
  83  12:56  Zergling x8  
  83  12:57  Zergling x20  
  103  13:22  Mutalisk x5  
  103  13:23  Mutalisk x4  
  103  13:24  Mutalisk  
  103  13:25  Roach x3  
  103  13:26  Zergling x4, Roach x2  
  133  14:10  Baneling Nest  
  132  14:19  Ultralisk Cavern  
  132  14:20  Ultralisk Cavern  
  130  14:29  Lurker Den  
  129  15:33  Zerg Flyer Weapons Level 1  
  129  15:50  Nydus Canal  
  108  16:39  Nydus Canal  
  98  16:56  Ultralisk x3  
  98  16:57  Ultralisk, Zergling x2  
  98  16:58  Zergling x12  
  98  16:59  Zergling x2, Roach x2  
  98  17:00  Hydralisk x5, Roach x2  
  98  17:01  Hydralisk x5  
  148  17:02  Hydralisk  
Show
View Real Time Build Order
Export as new Build Order

TATORREA Terran 

Build Orders:  

Get SALT Encoding   

  12  0:12  Refinery  
  12  0:16  SCV  
  13  0:28  SCV  
  14  0:38  Refinery  
  14  0:40  SCV  
  15  0:52  Supply Depot  
  15  1:14  SCV  
  15  1:17  Engineering Bay  
  16  1:45  Barracks  
  16  2:36  Supply Depot  
  16  2:45  Barracks Tech Lab  
  16  3:03  Missile Turret  
  16  3:18  Marine  
  17  3:23  Factory  
  17  3:37  Reaper  
  18  3:58  Barracks  
  18  4:09  Marauder  
  20  4:10  Missile Turret  
  20  4:11  Factory Tech Lab  
  20  4:30  Marine  
  20  4:31  Missile Turret  
  21  4:48  Reaper  
  21  4:50  Armory  
  22  5:05  Siege Tank  
  25  5:14  Marine  
  26  5:20  Reaper  
  27  5:27  Missile Turret  
  27  5:29  Terran Infantry Weapons Level 1  
  27  5:31  Marine  
  28  5:49  Marine  
  29  6:03  Supply Depot, Starport  
  29  6:07  Marine  
  30  6:25  Marine  
  31  6:26  Siege Tank  
  31  6:27  Supply Depot  
  34  6:34  Marine  
  35  6:43  Supply Depot, Marine  
  31  6:52  Reaper  
  25  7:00  Marine  
  22  7:24  Marauder  
  24  7:30  Supply Depot  
  24  7:37  Marine  
  25  7:45  Marine  
  26  7:53  Supply Depot  
  26  7:55  Marine, Missile Turret  
  27  8:03  Reaper  
  28  8:08  Siege Tank  
  31  8:13  Marine  
  32  8:21  Missile Turret  
  32  8:29  Supply Depot  
  32  8:31  Marine  
  33  8:40  Siege Tank  
  36  8:48  Starport  
  36  8:49  Marine  
  36  8:52  Supply Depot  
  36  8:55  Terran Vehicle Weapons Level 1  
  37  9:43  Hellbat  
  39  9:50  Marine  
  40  9:54  Barracks Tech Lab  
  40  9:59  Starport Tech Lab  
  40  10:08  Reaper  
  40  10:11  Hellbat  
  43  10:33  Hellbat  
  45  10:40  Marauder  
  47  10:49  Terran Vehicle And Ship Armor Level 1  
  47  10:54  Hellbat  
  49  10:57  Supply Depot  
  49  11:16  Hellbat  
  51  11:20  Supply Depot  
  51  11:24  Orbital Command  
  27  13:35  Terran Infantry Weapons Level 2  
  27  13:43  Terran Ship Weapons Level 1  
  27  13:52  Hellbat  
  29  14:13  Hellbat  
  31  14:18  Supply Depot  
  31  14:34  Hellbat  
  33  14:56  Hellbat  
  35  15:17  Hellbat  
  37  15:30  Command Center  
  37  15:40  Marine  
  38  15:58  Reaper  
  15  16:30  Marauder  
Tags
 
Add a new tag
Caveats
  • Supply blocks, unpowered buildings, or Contaminate may cause inaccurate times.
  • Supply counts are checked every 10 seconds.